 Dungeon Crawl Stone Soup version 0.31-a0-95-g6fa058ef04 (webtiles) character file.

Game seed: 6080963655023457235

1394 Demosthentine the Ducker (level 8, -4/63 HPs)
             Began as a Demonspawn Gladiator on May 25, 2023.
             Was an Initiate of Hepliaklqana.
             Shot with a sling bullet by Joseph (17 damage)
             ... on level 7 of the Dungeon.
             The game lasted 00:05:24 (5300 turns).

Demosthentine the Ducker (Demonspawn Gladiator)     Turns: 5300, Time: 00:05:25

Health: -4/63      AC:  7    Str: 17    XL:     8   Next: 41%
Magic:  8/8        EV: 14    Int: 10    God:    Hepliaklqana [......]
Gold:   247        SH:  0    Dex: 14    Spells: 7/7 levels left

rFire   . . .        a - +0 trident (drain)
rCold   + + .        (no shield)
rNeg    . . .        n - +1 leather armour {rC+}
rPois   +            (helmet restricted)
rElec   .            (no cloak)
rCorr   .            (no gloves)
SInv    .            (no boots)
Will    .....        (no amulet)
Stlth   +            h - ring of protection from cold
HPRegen 0.30/turn    m - ring of poison resistance
MPRegen 0.22/turn

%: no passive effects
@: no status effects
A: horns 1, yellow scales 2, magic regeneration
a: Renounce Religion


You were on level 7 of the Dungeon.
You worshipped Hepliaklqana.
Hepliaklqana was noncommittal.
You visited 2 branches of the dungeon, and saw 8 of its levels.
You also visited: Sewer.

You collected 247 gold pieces.

Inventory:

Hand Weapons
 a - a +0 trident of draining (weapon)
Missiles
 d - 3 throwing nets (quivered)
 e - a javelin
 j - 12 poisoned darts
 l - 8 boomerangs
Armour
 n - a +1 leather armour of cold resistance (worn)
 D - the +3 leather armour "Buechu" {Harm Fly rPois rF+}
   (You found it on level 6 of the Dungeon)

   rF:        It protects you from fire.
   rPois:     It protects you from poison.
   Fly:       It grants you flight.
   Harm:      It increases damage dealt and taken.
Jewellery
 h - a ring of protection from cold (left hand)
 m - a ring of poison resistance (right hand)
Wands
 u - a wand of charming (5)
 y - a wand of flame (8)
Scrolls
 f - a scroll of teleportation
 i - a scroll of poison
 s - a scroll of fog
 v - 2 scrolls of amnesia
 A - a scroll of brand weapon
Potions
 b - 3 potions of curing
 c - a potion of haste
 g - a potion of ambrosia
 k - a potion of brilliance {unknown}
 o - a potion of mutation {unknown}
 p - a potion of cancellation {unknown}
 q - a potion of berserk rage {unknown}
 r - a potion of experience {unknown}
 t - 2 potions of resistance {unknown}
 w - a potion of enlightenment {unknown}
 x - a potion of lignification {unknown}
 z - 2 potions of magic {unknown}
 B - a potion of might
 C - a potion of heal wounds {unknown}


   Skills:
 + Level 5.4 Fighting
 + Level 5.4 Polearms
 - Level 1.7 Throwing
 + Level 4.5 Armour
 + Level 5.4 Dodging


You had 7 spell levels left.
You didn't know any spells.
Your spell library contained the following spells:

 Spells                   Type           Power      Damage    Failure   Level
 Magic Dart               Conj           0%         1d3       41%         1
 Blink                    Tloc           0%         N/A       56%         2
 Call Imp                 Summ           0%         N/A       56%         2
 Ensorcelled Hibernation  Hex/Ice        0%         N/A       56%         2
 Lesser Beckoning         Tloc           0%         N/A       56%         2
 Momentum Strike          Conj/Tloc      0%         3d8       56%         2
 Passwall                 Tmut/Erth      0%         N/A       56%         2
 Gell's Gravitas          Tloc           0%         N/A       80%         3
 Mephitic Cloud           Conj/Pois/Air  0%         N/A       80%         3
 Swiftness                Air            0%         N/A       80%         3
 Teleport Other           Tloc           0%         N/A       80%         3


Dungeon Overview and Level Annotations

Branches:
Dungeon (7/15)             Temple (1/1) D:6           Sewer (visited)

Altars:
Ashenzari
Cheibriados
Dithmenos
Fedhas
Gozag
Hepliaklqana
Kikubaaqudgha
Makhleb
Nemelex Xobeh
Okawaru
Qazlal
Ru
Sif Muna
Trog
Uskayaw
Vehumet
Wu Jian
Xom
Yredelemnul

Shops:
D:2 *   D:4 [

Annotations:
D:7 Joseph


Innate Abilities, Weirdness & Mutations

You have a pair of small horns on your head.
You are mostly covered in yellow scales. (AC +3)
You regenerate magic rapidly.


Message History

Anything else - Cancel.
Okay, then.
Okay, then.
(D) Dungeon (T) Temple
Where to? (Enter - Temple @ (x,y), ? - help)
What level of the Dungeon? (default 1, ? - help)
Things that are here:
a +0 club; a gnoll corpse You see here 7 stones.
There is a stone staircase leading down here.
You climb downwards.
There is a stone staircase leading up here.
Joseph, a Mercenary comes into view.
He is wielding a +0 quarterstaff and wearing a +0 leather armour of poison resistance.
Joseph shouts!
Joseph unwields a +0 quarterstaff.
Joseph wields a +6 sling.
Joseph shoots a sling bullet.
The sling bullet hits you!
Joseph is nearby!
Joseph is nearby!
Joseph is nearby!
Unknown command.
Joseph shoots a sling bullet.
The sling bullet hits you!
Joseph shoots a sling bullet.
The sling bullet hits you!
* * * LOW HITPOINT WARNING * * *
You are confused.
You feel invigorated.
Joseph grins evilly.
Joseph shoots a sling bullet.
The sling bullet hits you.
* * * LOW HITPOINT WARNING * * *
Joseph says, "I'm happy to see you. And I'll be happy to kill you."
Joseph shoots a sling bullet.
The sling bullet hits you!
* * * LOW HITPOINT WARNING * * *
Joseph shoots a sling bullet.
The sling bullet closely misses you.
Joseph shoots a sling bullet.
The sling bullet barely misses you.
You bump into the stone wall.
Joseph shoots a sling bullet.
The sling bullet hits you!
* * * LOW HITPOINT WARNING * * *
You're too confused to move!
You feel less invigorated.
You feel less confused.
Joseph shoots a sling bullet.
The sling bullet hits you!
You die...

#.....#
#...<#
#..### #
#..####.##
+.........
#.........
#..###..##
#..###..##.
#..@.......
#..........
#..@.......
#..........
#..........
###########


You could see Joseph.

Vanquished Creatures
  Sigmund (D:2)
  Pargi (Sewer)
  A sky beast (D:6)
  2 ogres
  2 centaurs
  Blork the orc (D:5)
  2 scorpions
  A howler monkey (D:4)
  2 orc priests
  2 hounds
  2 sleepcaps
  2 iguanas (D:5)
  2 orc wizards
  6 gnolls
  6 adders
  23 orcs
  6 endoplasms
  3 giant cockroaches
  6 goblins
  7 hobgoblins
  3 jackals (D:2)
  4 quokkas
  8 ball pythons
  5 bats
  8 frilled lizards
  5 kobolds
  3 rats
114 creatures vanquished.

Notes
Turn   | Place    | Note
-------+----------+-------------------------------------------
     0 | D:1      | Demosthentine the Demonspawn Gladiator began the quest for
                  | the Orb.
     0 | D:1      | Reached XP level 1. HP: 16/16 MP: 1/1
   457 | D:1      | Gained mutation: You are partially covered in yellow
                  | scales. (AC +2) [demonic ancestry]
   457 | D:1      | Reached XP level 2. HP: 22/22 MP: 2/2
   721 | D:2      | Noticed Sigmund
   741 | D:2      | Killed Sigmund
   742 | D:2      | Reached XP level 3. HP: 21/29 MP: 3/3
   742 | D:2      | Gained mutation: You regenerate magic rapidly. [demonic
                  | ancestry]
   742 | D:2      | Reached XP level 4. HP: 26/35 MP: 4/4
   742 | D:2      | Gained mutation: You have a pair of small horns on your
                  | head. [demonic ancestry]
   742 | D:2      | Reached XP level 5. HP: 30/41 MP: 5/5
   860 | D:2      | Identified the +1 dagger "Misch" {venom, rF+ Dex+2}
  1147 | D:2      | Found Didwoh's General Store.
  1702 | D:3      | Found a faded altar of an unknown god.
  1702 | D:3      | Found a shimmering blue altar of Sif Muna.
  1710 | D:3      | Found a radiant altar of Vehumet.
  1712 | D:3      | Found a shimmering altar of Xom.
  1714 | D:3      | Found a faded altar of an unknown god.
  1818 | D:4      | Reached XP level 6. HP: 40/47 MP: 6/6
  1961 | D:4      | Found a glowing drain.
  1986 | Sewer    | Entered a sewer
  2061 | Sewer    | Noticed Pargi
  2086 | Sewer    | Killed Pargi
  2288 | D:4      | Reached XP level 7. HP: 52/54 MP: 7/7
  2289 | D:4      | Found a shadowy altar of Dithmenos.
  2448 | D:4      | Found Qunidwec's Armour Shop.
  2590 | D:5      | Entered Level 5 of the Dungeon
  3184 | D:5      | Noticed Blork the orc
  3194 | D:5      | Killed Blork the orc
  3386 | D:5      | Reached skill level 5 in Polearms
  3386 | D:5      | Reached skill level 5 in Dodging
  3406 | D:5      | Reached skill level 5 in Fighting
  3406 | D:5      | Gained mutation: You are mostly covered in yellow scales.
                  | (AC +3) [demonic ancestry]
  3406 | D:5      | Reached XP level 8. HP: 12/62 MP: 8/8
  3926 | D:5      | Found a sacrificial altar of Ru.
  4350 | D:6      | Found a staircase to the Ecumenical Temple.
  4377 | Temple   | Entered the Ecumenical Temple
  4495 | Temple   | Became a worshipper of Hepliaklqana the Forgotten
  4894 | D:6      | Identified the +3 leather armour "Buechu" {Harm Fly rPois
                  | rF+}
  5290 | D:7      | Noticed Joseph
  5300 | D:7      | Shot with a sling bullet by Joseph

Illustrated notes

Levels and vault maps discovered:
D:1:      minmay_arrival_diagonal_passages, layout_basic
D:2:      layout_rooms, serial_shops, shop, uniq_sigmund
D:3:      layout_loops_cross, chequers_temple_overflow_minitemple
D:4:      layout_basic, lemuel_doored_altar, serial_shops, shop,
          portal_sewer_entry_f
D:5:      layout_layer_cave, kennysheep_little_box, uniq_blork_the_orc
D:6:      layout_cave_pools, minmay_temple_entry_junction
D:7:      layout_gridville, hangedman_abyss_or_decor_stabs, st_stairs_1,
          uniq_maggie, uniq_joseph
Temple:   minmay_crystal_spiral_temple

Skill      XL: |  1  2  3  4  5  6  7 |
---------------+----------------------+-----
Fighting       | 3 4 5 |  5.4
Polearms       | 3 4 5 |  5.4
Armour         | 2 3 4 |  4.5
Dodging        | 3 4 5 |  5.4
Throwing       | |  1.7

Action                     |  1- 3 |  4- 6 |  7- 9 || total
---------------------------+-------+-------+-------++-------
  Melee: Trident           |    40 |   127 |   164 ||   331
         Headbutt          |       |     5 |    25 ||    30
         Punch             |       |     1 |     2 ||     3
  Throw: Throwing net      |     1 |     3 |     2 ||     6
    Use: Scroll            |     4 |     3 |     6 ||    13
         Potion            |       |       |     1 ||     1
   Stab: Sleeping          |     2 |     3 |       ||     5
 Armour: Leather armour    |    15 |    41 |    57 ||   113
  Dodge: Dodged            |    33 |    74 |   101 ||   208

Table legend: (Time is in decaauts)
 A = Elapsed time spent in this place.
 B = Non-inter-level travel time spent in this place.
 C = Inter-level travel time spent in this place.
 D = Time resting spent in this place.
 E = Time spent auto-exploring this place.
 F = Levels seen in this place.
 G = Mean time per level.
                   A        B        C        D        E       F      G
               +--------+--------+--------+--------+--------+-----+--------+
         Total |   5365 |   5178 |    187 |      3 |   4181 |   9 |  596.1 |
       Dungeon |   4836 |   4738 |     98 |      3 |   3885 |   7 |  690.9 |
        Temple |    245 |    156 |     89 |      0 |    131 |   1 |  245.0 |
         Sewer |    282 |    282 |      0 |      0 |    165 |   1 |  282.0 |
               +--------+--------+--------+--------+--------+-----+--------+

Top non-repeatable levels by time:
     D:5: 1730 daAuts
     D:6: 726 daAuts
     D:1: 679 daAuts
     D:3: 637 daAuts
     D:4: 544 daAuts
     D:2: 503 daAuts
   Sewer: 282 daAuts
  Temple: 245 daAuts
     D:7: 14 daAuts
